Map: Lightshade LE

Players

Serral - Winner!

  • Race: Zerg Zerg
  • Spawn Location: 5:00

ByuN

  • Race: Terran Terran
  • Spawn Location: 11:00

VOD

Have the link to the VOD?

Description

Time

  • Played on: Jan. 16, 2021, 11:07 a.m.
  • Length: 28:42
Show
View Real Time Build Order
Export as new Build Order

Serral Zerg - Winner!

Build Orders: Pool First 

Get SALT Encoding   

  12  0:17  Spawning Pool  
  11  0:21  Drone  
  11  0:26  Drone  
  13  0:31  Drone  
  13  0:35  Extractor  
  13  0:38  Drone  
  14  0:44  Extractor  
  14  0:47  Drone  
  14  1:05  Roach Warren  
  14  1:09  Drone  
  14  1:12  Overlord  
  14  1:24  Overlord  
  14  1:45  Roach x2  
  18  1:48  Roach  
  22  2:11  Drone  
  22  2:12  Ravager x2  
  23  2:16  Ravager  
  23  2:21  Drone  
  25  2:28  Queen  
  27  2:38  Overlord  
  27  2:53  Drone  
  27  2:55  Drone  
  29  3:10  Hatchery  
  28  3:15  Metabolic Boost  
  28  3:20  Drone  
  28  3:25  Drone x2  
  33  3:43  Overlord  
  32  3:50  Hatchery  
  32  3:52  Drone  
  31  3:56  Drone  
  31  4:00  Drone  
  33  4:06  Drone  
  34  4:10  Queen  
  34  4:15  Zergling x2  
  37  4:19  Drone  
  37  4:21  Drone  
  37  4:23  Drone  
  40  4:26  Drone  
  41  4:33  Queen  
  43  4:41  Overlord  
  43  4:43  Drone x2  
  45  4:49  Queen  
  46  4:55  Drone x3  
  49  5:01  Queen  
  49  5:05  Drone x3  
  54  5:13  Queen  
  56  5:19  Overlord  
  56  5:20  Drone x2  
  58  5:25  Drone x2  
  58  5:27  Lair  
  60  5:29  Drone x2  
  60  5:33  Overlord  
  60  5:35  Overlord  
  62  5:39  Drone x2  
  62  5:40  Drone  
  65  5:43  Overlord  
  65  5:47  Overlord, Extractor  
  65  5:48  Drone  
  65  5:52  Overlord  
  65  5:55  Roach  
  65  5:57  Drone x2  
  69  6:03  Roach x3  
  75  6:10  Drone x3  
  78  6:13  Overlord  
  78  6:17  Evolution Chamber  
  77  6:19  Zergling x10  
  77  6:24  Zergling x6  
  85  6:27  Glial Reconstitution  
  85  6:32  Drone x3  
  88  6:36  Drone  
  86  6:41  Evolution Chamber  
  86  6:42  Overlord  
  86  6:43  Zerg Ground Armor Level 1  
  86  6:44  Drone x2  
  87  6:48  Extractor  
  87  6:49  Overlord  
  87  6:51  Roach  
  87  6:53  Roach  
  90  6:54  Roach  
  90  7:00  Roach  
  94  7:02  Drone x4  
  94  7:06  Extractor, Overseer  
  97  7:14  Roach x4  
  105  7:18  Drone  
  105  7:20  Zerg Missile Weapons Level 1  
  105  7:21  Drone x6  
  112  7:24  Extractor  
  112  7:26  Overlord  
  112  7:29  Overlord  
  111  7:32  Roach  
  111  7:34  Overlord  
  111  7:35  Overlord  
  113  7:42  Overlord  
  114  7:44  Roach x3  
  114  7:46  Overlord  
  114  7:48  Roach  
  122  7:54  Roach x3  
  122  7:55  Roach  
  130  8:00  Overlord  
  130  8:02  Roach  
  130  8:03  Roach x2  
  136  8:08  Roach x4  
  136  8:12  Overlord  
  144  8:14  Drone  
  144  8:15  Extractor, Drone  
  144  8:16  Drone x3  
  144  8:18  Overlord  
  144  8:19  Overseer  
  148  8:24  Ravager  
  149  8:30  Roach x3  
  149  8:32  Ravager  
  156  8:39  Roach x6  
  168  8:42  Zerg Ground Armor Level 2  
  168  8:50  Overlord x3  
  168  9:03  Roach  
  168  9:07  Hatchery  
  168  9:08  Roach x6  
  181  9:14  Roach  
  181  9:15  Roach x3  
  189  9:21  Roach  
  189  9:22  Roach  
  189  9:23  Ravager  
  194  9:24  Overlord  
  194  9:27  Spore Crawler x2  
  194  9:30  Spore Crawler x2, Ravager x3  
  194  9:31  Ravager  
  194  9:33  Overlord  
  198  9:44  Zerg Missile Weapons Level 2  
  184  9:54  Roach x10  
  169  10:01  Roach  
  151  10:08  Roach x4  
  159  10:18  Roach x4, Infestation Pit  
  159  10:21  Ravager  
  167  10:25  Ravager x2  
  167  10:26  Roach x3  
  175  10:32  Overlord  
  175  10:34  Roach x5  
  175  10:35  Roach  
  181  10:36  Queen  
  181  10:40  Ravager  
  184  10:49  Roach x6  
  179  10:50  Roach  
  179  10:56  Drone x3  
  182  10:59  Infestor  
  184  11:05  Drone x2  
  184  11:06  Drone x3  
  184  11:07  Burrow  
  184  11:09  Ravager  
  190  11:18  Baneling Nest  
  189  11:24  Roach x2  
  189  11:25  Roach x3  
  199  11:33  Hive  
  199  11:34  Zerg Melee Weapons Level 1  
  199  11:44  Drone  
  199  11:46  Extractor  
  199  12:05  Centrifical Hooks  
  197  12:09  Spore Crawler  
  197  12:12  Queen x2  
  194  12:18  Queen  
  194  12:20  Zergling x8  
  200  12:27  Hatchery  
  197  12:31  Overlord  
  197  12:32  Roach  
  197  12:33  Drone x2  
  197  12:34  Roach, Drone  
  200  12:38  Spore Crawler x2  
  200  12:40  Spore Crawler  
  200  12:41  Drone x2  
  200  12:42  Spore Crawler  
  200  12:43  Baneling x8  
  198  12:45  Zerg Ground Armor Level 3  
  198  12:46  Adrenal Glands  
  198  12:49  Ultralisk Cavern  
  199  13:01  Viper  
  200  13:07  Tunneling Claws  
  200  13:19  Roach x28  
  200  13:31  Zerg Melee Weapons Level 2  
  200  13:34  Hatchery, Spore Crawler, Viper  
  200  13:46  Overlord  
  200  13:47  Overlord  
  200  13:54  Zergling x2  
  180  14:18  Ultralisk  
  180  14:19  Ultralisk x2  
  196  14:29  Ultralisk Cavern  
  192  14:31  Zergling x14  
  199  14:40  Spire  
  199  14:41  Roach x19  
  199  14:43  Extractor  
  197  14:48  Ultralisk Cavern  
  197  14:52  Drone x3  
  199  14:59  Baneling x16  
  196  15:17  Chitinous Plating  
  196  15:26  Roach  
  196  15:29  Spine Crawler  
  196  15:30  Spore Crawler  
  196  15:31  Roach x5  
  196  15:32  Extractor  
  196  15:33  Extractor, Drone x2  
  196  15:34  Drone x4  
  198  15:37  Anabolic Synthesis  
  198  15:39  Zergling x4, Hatchery  
  197  15:58  Roach x2  
  197  15:59  Roach x2  
  197  16:00  Roach, Zerg Flyer Weapons Level 1  
  197  16:02  Roach x5  
  197  16:08  Drone  
  197  16:09  Drone x2  
  200  16:15  Roach  
  178  16:42  Ultralisk x3  
  178  16:45  Zerg Melee Weapons Level 3, Zerg Missile Weapons Level 3  
  192  16:49  Drone x3  
  192  16:50  Drone x5  
  194  16:56  Zergling x12  
  200  17:15  Infestor  
  200  17:21  Roach x5  
  199  17:48  Hatchery  
  195  17:55  Roach x12  
  173  18:01  Roach  
  173  18:05  Zergling x36  
  179  18:06  Zergling x18  
  179  18:08  Zerg Flyer Weapons Level 2  
  179  18:11  Spire  
  197  18:32  Spore Crawler  
  197  18:33  Baneling x17  
  169  18:48  Mutalisk x20  
  144  18:50  Overseer  
  144  18:52  Zergling x34, Roach  
  199  19:01  Spore Crawler  
  199  19:02  Extractor  
  197  19:03  Extractor  
  197  19:04  Drone x3  
  199  19:15  Baneling x29  
  199  19:16  Zergling x14, Baneling x7  
  199  19:17  Zergling x2  
  199  19:20  Overseer  
  199  19:26  Zerg Flyer Armor Level 1  
  197  19:40  Pneumatized Carapace  
  197  19:45  Zergling x44  
  173  19:58  Drone x3  
  176  20:01  Drone x3  
  179  20:07  Zergling x26  
  179  20:09  Baneling x7  
  179  20:10  Baneling x12  
  179  20:12  Hatchery  
  191  20:19  Baneling x15  
  191  20:20  Baneling x17  
  191  20:26  Zergling x14  
  198  20:29  Overseer x2  
  198  20:30  Greater Spire  
  198  20:47  Zergling x2  
  198  20:48  Zergling x6  
  169  21:05  Zergling x36  
  173  21:13  Zergling x2  
  173  21:14  Zergling x16  
  178  21:23  Overseer  
  178  21:24  Drone x3  
  178  21:25  Baneling x20  
  181  21:26  Baneling x28  
  181  21:27  Zergling x20  
  181  21:32  Zerg Flyer Armor Level 2  
  191  21:36  Zergling x10  
  196  21:42  Zerg Flyer Weapons Level 3  
  196  21:44  Zergling x8  
  200  21:53  Baneling x6  
  200  21:54  Baneling x5  
  150  22:31  Drone  
  150  22:32  Drone x2  
  150  22:33  Zergling x2  
  150  22:34  Zergling x52  
  180  22:39  Infestor x2  
  180  22:40  Zergling x2  
  176  22:59  Baneling x12  
  176  23:00  Zergling x24  
  176  23:04  Overseer  
  184  23:09  Zergling x12  
  184  23:10  Zergling x6  
  189  23:14  Zergling x2  
  189  23:15  Zergling x4  
  189  23:16  Baneling x4  
  189  23:17  Baneling x14  
  189  23:19  Pathogen Glands, Overseer  
  192  23:20  Overseer  
  192  23:21  Zergling x2  
  192  23:22  Zergling x10  
  198  23:29  Baneling x9  
  198  23:30  Zergling x6  
  196  23:37  Zergling x16  
  190  23:43  Zergling x18  
  183  23:58  Corruptor x8  
  198  24:03  Extractor x2, Drone x2  
  198  24:04  Drone  
  198  24:08  Extractor  
  198  24:09  Extractor  
  173  24:44  Brood Lord x8  
  162  24:53  Zergling x2  
  162  24:54  Zergling x64  
  162  24:57  Infestor x2  
  180  25:16  Baneling x12  
  180  25:17  Baneling x2  
  180  25:21  Zergling x4  
  181  25:22  Zergling x32  
  181  25:24  Baneling x18  
  198  25:33  Overseer x2  
  198  25:34  Overseer  
  198  25:35  Zerg Flyer Armor Level 3  
  195  25:48  Overlord x3  
  188  25:56  Baneling x20  
  188  25:57  Overlord x3  
  184  26:01  Overlord  
  184  26:02  Overseer x2  
  184  26:09  Zergling x34  
  182  26:35  Drone  
  182  26:40  Zergling x34  
  199  26:49  Drone  
  164  27:19  Zergling x42  
  150  27:30  Infestor x6  
  150  27:32  Corruptor x3  
  168  27:47  Zergling x12  
  168  27:48  Zergling x10  
  179  27:56  Zergling x14  
  186  28:05  Brood Lord x3  
  189  28:08  Zergling x2  
  189  28:09  Zergling x12  
Show
View Real Time Build Order
Export as new Build Order

ByuN Terran 

Build Orders:  

Get SALT Encoding   

  12  0:00  SCV  
  13  0:12  SCV  
  14  0:17  Supply Depot  
  14  0:24  SCV  
  15  0:39  Barracks  
  15  0:49  Barracks  
  16  1:02  Barracks  
  15  1:06  SCV  
  16  1:18  SCV  
  17  1:25  Marine  
  17  1:30  Orbital Command  
  18  1:37  Marine  
  18  1:39  Supply Depot  
  19  1:43  Marine  
  20  1:49  Marine  
  21  1:55  Marine  
  22  2:04  SCV  
  25  2:09  Bunker  
  22  2:16  SCV  
  22  2:19  Refinery  
  23  2:23  Engineering Bay  
  23  2:26  Refinery  
  23  2:29  SCV  
  23  2:35  Bunker  
  23  2:43  SCV  
  24  2:47  Supply Depot  
  24  2:55  SCV  
  25  3:05  Marine  
  25  3:10  Factory, Supply Depot, SCV  
  27  3:19  Barracks Tech Lab, Marine  
  27  3:23  SCV  
  28  3:32  Supply Depot  
  28  3:35  SCV  
  29  3:47  SCV  
  30  3:59  SCV  
  30  4:00  Cyclone  
  34  4:11  Command Center  
  34  4:17  Supply Depot  
  34  4:20  SCV  
  35  4:34  SCV  
  35  4:36  Barracks Reactor x2  
  35  4:38  Stimpack, Marine  
  37  4:47  SCV  
  37  4:48  Supply Depot, Widow Mine  
  40  4:56  Marine  
  41  5:01  SCV  
  42  5:08  Starport  
  42  5:09  Factory Reactor  
  42  5:13  Marine x4  
  46  5:17  Marine  
  46  5:18  SCV  
  48  5:31  SCV  
  49  5:38  Marine x4  
  49  5:39  Marine  
  54  5:43  SCV  
  54  5:44  Orbital Command  
  55  5:57  SCV  
  56  5:58  Medivac x2  
  56  6:03  Factory Tech Lab  
  60  6:05  Supply Depot, Marine x2  
  60  6:06  Marine x3  
  60  6:09  SCV  
  60  6:10  SCV  
  67  6:14  Supply Depot  
  67  6:20  Combat Shield  
  67  6:22  SCV x2  
  70  6:31  Supply Depot, Marine x3  
  70  6:32  Marine  
  73  6:34  Marine  
  72  6:40  SCV x2  
  72  6:44  Command Center  
  73  6:52  SCV x2  
  75  6:54  Medivac x2  
  75  6:58  Siege Tank  
  82  7:04  SCV x2  
  82  7:06  Marine x2  
  82  7:07  Marine x3  
  89  7:11  Supply Depot  
  89  7:17  SCV x2  
  89  7:19  Refinery  
  89  7:20  Refinery  
  91  7:29  SCV x2  
  93  7:30  Engineering Bay x2  
  93  7:36  Supply Depot, Siege Tank  
  96  7:41  SCV x2, Marine x3  
  96  7:43  Marine  
  102  7:56  Terran Infantry Weapons Level 1, Terran Infantry Armor Level 1, Orbital Command, Marine  
  103  8:04  Marine x4  
  106  8:11  SCV x2  
  106  8:12  Siege Tank  
  111  8:13  Marine  
  111  8:17  Medivac x2  
  116  8:21  Barracks  
  116  8:23  Barracks  
  116  8:26  Marine x3  
  119  8:31  Marine x2  
  118  8:38  Orbital Command  
  118  8:40  SCV  
  118  8:41  SCV  
  120  8:44  Siege Tank  
  120  8:48  Supply Depot  
  123  8:49  Supply Depot  
  123  8:53  SCV x2  
  123  8:54  Missile Turret  
  125  8:59  Supply Depot  
  125  9:03  Marine x2  
  125  9:09  SCV x3, Marine x3  
  131  9:16  Siege Tank  
  134  9:18  Armory  
  134  9:20  Barracks Reactor  
  134  9:21  Marine x2  
  134  9:22  Barracks Reactor, SCV x3  
  139  9:27  Marine x2  
  141  9:32  Marine  
  141  9:35  SCV x2  
  145  9:39  Marine x2  
  145  9:45  Marine x2  
  147  9:49  Marine  
  147  9:52  Orbital Command, SCV x2  
  141  9:56  Marine x4  
  141  9:59  Marine x2  
  125  10:00  Siege Tank  
  125  10:02  Marine x2  
  125  10:04  SCV x2  
  130  10:07  Marine  
  131  10:14  Marine x4  
  131  10:16  Terran Infantry Armor Level 2, SCV, Marine  
  131  10:20  Marine  
  140  10:25  Terran Infantry Weapons Level 2  
  140  10:31  Marine  
  140  10:32  Marine x3  
  142  10:37  Factory  
  142  10:38  Supply Depot  
  142  10:39  Marine x3  
  142  10:40  Supply Depot, Marine  
  142  10:41  Marine  
  147  10:49  Marine  
  137  10:50  Marine  
  137  10:51  Marine x2  
  136  10:57  Marine x3  
  139  11:04  Siege Tank  
  139  11:05  Marine  
  139  11:06  Marine  
  139  11:07  Marine x2  
  139  11:08  Command Center, Refinery x2  
  139  11:09  Marine x2  
  139  11:10  Supply Depot  
  148  11:14  SCV x2  
  148  11:15  SCV, Marine  
  148  11:20  Command Center  
  148  11:24  Marine x2  
  149  11:30  Supply Depot  
  149  11:31  Supply Depot x2  
  149  11:32  Factory Tech Lab, Supply Depot  
  149  11:46  Terran Vehicle Weapons Level 1  
  149  11:51  Marine x5  
  149  11:54  Siege Tank  
  153  11:55  Siege Tank  
  153  11:58  SCV x2  
  153  11:59  SCV  
  156  12:05  Refinery  
  156  12:10  SCV  
  157  12:18  Marine x3  
  157  12:19  SCV, Marine x2  
  157  12:20  SCV, Marine  
  149  12:23  Marine  
  149  12:24  Command Center  
  149  12:31  SCV x2, Marine  
  149  12:32  SCV  
  149  12:34  Siege Tank  
  149  12:35  Siege Tank  
  159  12:39  Supply Depot  
  159  12:40  Supply Depot  
  159  12:48  Medivac x2, Missile Turret  
  163  12:55  Terran Infantry Weapons Level 3  
  163  12:56  Terran Infantry Armor Level 3  
  163  13:02  Marine  
  163  13:03  Marine x4  
  163  13:04  Marine  
  169  13:08  Marine  
  169  13:24  Siege Tank  
  170  13:32  Missile Turret, Marine x6  
  170  13:33  Marauder, Marine  
  178  13:39  Orbital Command  
  178  13:44  Command Center  
  178  13:47  Sensor Tower  
  178  13:50  Missile Turret  
  173  13:57  SCV x3  
  175  14:04  Terran Vehicle Weapons Level 2  
  175  14:07  Siege Tank  
  178  14:10  Marine  
  178  14:11  Marine x7  
  178  14:12  Marine  
  178  14:17  Planetary Fortress  
  183  14:28  Marine x2  
  183  14:29  Marine  
  176  14:34  Siege Tank  
  170  14:39  Siege Tank  
  173  14:51  Sensor Tower  
  173  14:52  Command Center  
  177  15:04  Barracks  
  177  15:05  Barracks  
  177  15:06  Siege Tank  
  170  15:07  Barracks  
  170  15:11  Siege Tank  
  170  15:13  Sensor Tower  
  166  15:15  Marauder, Marine  
  166  15:16  Marine x6  
  166  15:17  Marine  
  174  15:28  Liberator x2  
  174  15:33  Marine  
  174  15:34  Sensor Tower  
  181  15:39  Siege Tank  
  181  15:42  Marine x4  
  185  15:43  Siege Tank, Marine x4  
  185  15:47  Ghost Academy  
  195  15:51  Missile Turret  
  195  15:53  Missile Turret  
  195  15:56  Missile Turret  
  195  15:59  Barracks Tech Lab x2  
  195  16:00  Barracks Tech Lab  
  195  16:02  Refinery x2  
  195  16:10  SCV x2  
  195  16:11  Command Center, SCV  
  187  16:22  SCV  
  187  16:23  SCV x2  
  187  16:25  Ghost x4  
  182  16:31  Siege Tank  
  183  16:34  SCV  
  183  16:35  SCV  
  179  16:40  SCV  
  179  16:46  SCV  
  181  16:47  SCV  
  181  16:53  Ghost  
  182  16:54  Ghost x2  
  182  16:56  Orbital Command  
  182  16:57  SCV  
  189  17:03  Barracks Tech Lab  
  189  17:09  Siege Tank  
  189  17:10  Siege Tank  
  195  17:21  Orbital Command  
  195  17:22  Terran Vehicle Weapons Level 3  
  195  17:41  Ghost x2  
  199  17:49  Command Center  
  197  17:56  Ghost  
  197  17:57  Ghost  
  170  17:59  Orbital Command  
  170  18:01  Orbital Command  
  170  18:09  Ghost x2  
  174  18:17  Siege Tank x2  
  180  18:24  SCV x2  
  180  18:25  Ghost  
  184  18:30  Ghost  
  186  18:37  Command Center  
  177  18:46  Ghost x2  
  173  18:48  Missile Turret  
  173  18:50  Siege Tank x2  
  179  18:58  Medivac x2  
  179  18:59  SCV x4  
  179  19:02  Missile Turret  
  187  19:06  Missile Turret  
  187  19:16  Ghost x2  
  187  19:17  Ghost  
  187  19:18  Barracks Tech Lab  
  187  19:20  Orbital Command  
  187  19:22  Missile Turret  
  193  19:29  Missile Turret  
  193  19:33  Missile Turret x2  
  193  19:35  Missile Turret  
  193  19:43  Siege Tank x2  
  193  19:45  Ghost  
  198  19:49  Ghost x2  
  196  19:54  Command Center  
  196  19:55  Missile Turret  
  196  19:56  Missile Turret  
  196  19:57  Hi-Sec Auto Tracking  
  196  19:59  Terran Vehicle And Ship Armor Level 1  
  196  20:11  Missile Turret  
  196  20:13  Missile Turret  
  196  20:15  Siege Tank  
  196  20:18  Siege Tank  
  199  20:31  Command Center  
  199  20:35  Missile Turret  
  199  20:39  Sensor Tower  
  197  20:57  Siege Tank  
  175  21:10  Ghost x2  
  145  21:11  Marine  
  145  21:12  Marine x6  
  152  21:29  Siege Tank x2  
  152  21:30  Ghost x2  
  152  21:31  Marine x6  
  168  21:38  Missile Turret  
  168  21:39  Missile Turret  
  169  21:40  Command Center  
  168  21:53  Marine x3  
  171  21:54  Marine  
  171  22:01  Siege Tank x2  
  173  22:06  Ghost x2  
  173  22:08  Ghost  
  157  22:24  Orbital Command  
  150  22:33  Siege Tank x2  
  148  22:53  Ghost x3  
  148  22:54  Ghost  
  156  23:05  Siege Tank  
  156  23:17  Orbital Command, Siege Tank  
  156  23:19  Marine x3  
  161  23:20  Marine x5  
  167  23:35  Concussive Shells  
  167  23:37  Siege Tank  
  174  23:41  Marauder x2, Marine x3  
  174  23:42  Marine x4  
  174  23:44  Marine x2  
  174  23:45  Marine  
  184  23:49  Siege Tank  
  180  23:59  Marine x7  
  180  24:02  Marine x2  
  189  24:04  Sensor Tower  
  189  24:05  Marine x3  
  189  24:09  Siege Tank  
  195  24:17  Marine x4  
  199  24:34  Orbital Command  
  199  24:36  Marine  
  199  24:37  Marine x2  
  199  24:38  Marine  
  183  24:40  Siege Tank  
  183  24:41  Siege Tank  
  172  24:59  Marauder x4, Marine x4  
  182  25:00  Marine  
  179  25:12  Siege Tank  
  182  25:28  Orbital Command  
  182  25:36  Siege Tank  
  182  25:40  Missile Turret  
  185  25:43  Missile Turret, Sensor Tower  
  185  25:44  Siege Tank  
  182  25:52  Medivac x2  
  182  25:55  Planetary Fortress  
  186  26:13  Missile Turret, Ghost  
  185  26:28  Orbital Command  
  185  26:29  Barracks Tech Lab  
  185  26:31  Marine x8  
  192  26:41  Marine  
  192  26:45  Refinery x2  
  193  26:55  Barracks Tech Lab  
  193  26:59  Barracks Tech Lab  
  189  27:03  Marine  
  189  27:04  Orbital Command  
  185  27:12  Marine  
  111  27:23  Marine x3  
  102  27:43  SCV x4  
  106  27:52  SCV x2  
  108  28:05  Marine  
  108  28:06  Marine x6  
  114  28:23  Marine x5  
  114  28:24  Marine x2  
Tags
 
Add a new tag
Caveats
  • Supply blocks, unpowered buildings, or Contaminate may cause inaccurate times.
  • Supply counts are checked every 10 seconds.